 Dungeon Crawl Stone Soup version 0.27.1-1-g398f81649c (webtiles) character file.

Game seed: 1200422707796483471

898 safid the Cleaver (level 8, -1/56 (68) HPs)
             Began as a Hill Orc Fighter on Sept 17, 2021.
             Was an Initiate of Beogh.
             Slain by Edmund (6 damage)
             ... on level 5 of the Dungeon on Sept 18, 2021.
             The game lasted 00:17:55 (6372 turns).

safid the Cleaver (Hill Orc Fighter)                Turns: 6372, Time: 00:17:57

HP:   -1/56 (68)    AC:  9    Str: 21    XL:     8   Next: 7%
MP:   8/8           EV: 12    Int:  8    God:    Beogh [......]
Gold: 233           SH: 11    Dex: 16    Spells: 7/7 levels left

rFire    . . .     SeeInvis .   a - +0 war axe
rCold    . . .     Faith    .   c - +0 kite shield
rNeg     . . .     Spirit   .   b - +0 scale mail
rPois    .         Reflect  .   d - +0 helmet
rElec    .         Harm     .   o - scarf {+Inv}
rCorr    .         Rampage  .   q - +0 pair of gloves
Will     .....                  (no boots)
Stlth    ..........             (no amulet)
HPRegen  0.18/turn              k - +6 ring of dexterity
MPRegen  0.11/turn              t - +4 ring of evasion

@: heavily drained
A: no striking features
a: Renounce Religion, Evoke Invisibility


You were on level 5 of the Dungeon.
You worshipped Beogh.
Beogh was noncommittal.
You visited 2 branches of the dungeon, and saw 7 of its levels.

You collected 233 gold pieces.

Inventory:

Hand Weapons
 a - a +0 war axe (weapon)
Missiles
 f - 6 poisoned darts (quivered)
 m - a throwing net
Armour
 b - a +0 scale mail (worn)
 c - a +0 kite shield (worn)
 d - a +0 helmet (worn)
 o - a scarf of invisibility (worn)
 q - a +0 pair of gloves (worn)
Jewellery
 k - a +6 ring of dexterity (left hand)
 t - a +4 ring of evasion (right hand)
Wands
 g - a wand of flame (21)
 n - a wand of iceblast (6)
Scrolls
 e - a scroll of vulnerability {unknown}
 h - a scroll of teleportation
 i - a scroll of enchant weapon
 l - a scroll of blinking {unknown}
 r - 2 scrolls of fog {unknown}
Potions
 j - 4 potions of curing
 p - 2 potions of lignification


   Skills:
 - Level 5.1 Fighting
 + Level 8.3 Axes
 - Level 5.2 Armour
 + Level 5.8 Shields


You had 7 spell levels left.
You didn't know any spells.
Your spell library contained the following spells:

 Spells                   Type           Power      Damage    Failure   Level
 Animate Skeleton         Necr           0%         N/A       98%         1
 Pain                     Necr           0%         1d4       98%         1
 Ozocubu's Armour         Ice            0%         N/A       100%        3
 Vampiric Draining        Necr           0%         2d6       100%        3
 Ozocubu's Refrigeration  Ice            0%         4d5       100%        7


Dungeon Overview and Level Annotations

Branches:
Dungeon (6/15)             Temple (1/1) D:4

Altars:
Ashenzari
Cheibriados
Dithmenos
Elyvilon
Fedhas
Gozag
Hepliaklqana
Kikubaaqudgha
Makhleb
Nemelex Xobeh
Okawaru
Qazlal
Ru
Sif Muna
Trog
Uskayaw
Vehumet
Wu Jian
Xom
Yredelemnul
Zin
The Shining One

Shops:
D:2 [   D:5 (

Annotations:
D:3 1 runed translucent door, LCPRIV's ghost, amateur DrFE
D:4 1 runed translucent door, Crazy Yiuf
D:5 Edmund; Sigmund


Message History

You are too injured to fight recklessly!
You slash Edmund!
Edmund is heavily wounded.
You block Edmund's attack.
You hit Edmund.
Edmund is severely wounded.
You block Edmund's attack.
Your shield prevents you from hitting Edmund.
Edmund is severely wounded.
Edmund hits you with a +1 flail of draining!
You feel drained.
Edmund hits you with a +1 flail of draining!
* * * LOW HITPOINT WARNING * * *
You feel drained.
* * * LOW HITPOINT WARNING * * *
You closely miss Edmund.
Edmund is severely wounded.
You block Edmund's attack.
You hit Edmund but do no damage.
Edmund is severely wounded.
You block Edmund's attack.
You hit Edmund but do no damage.
Edmund is severely wounded.
Edmund hits you with a +1 flail of draining.
* * * LOW HITPOINT WARNING * * *
You feel drained.
You barely miss Edmund.
Edmund is severely wounded.
Edmund closely misses you.
Cleave: a) +0 war axe
Press: ? - help, Dir - move target, f/p - Edmund
Aim: Edmund, wielding a +1 flail of draining and wearing a +0 chain mail (severely wounded, strong, about 29% to evade your +0 war axe)
Okay, then.
Aiming: Throw Flame
Press: ? - help, Shift-Dir - straight line, f/p - Edmund
Aim: Edmund, wielding a +1 flail of draining and wearing a +0 chain mail (severely wounded, strong, 77% to hit)
The puff of flame hits Edmund.
Edmund is severely wounded.
Edmund hits you with a +1 flail of draining.
You die...

.......................
.......####.###.####.##
.......# #.###.####.#
.......# #..........#
.......########.######
..........# #.#
..........#####'#########
#..............!.........
#.#'#######.....@........
#................@:......
#......)......../........
#......).................
.....####................
.)..## #####............
#.### ##........... #.#
#........... #.#
#...........


You could see Edmund (strong).

Vanquished Creatures
  A water moccasin (D:6)
  2 necrophages
  A scorpion (D:5)
  A water moccasin zombie (D:5)
  2 centaur zombies
  An orc priest (D:5)
  A bullfrog skeleton (D:6)
  Jessica (D:2)
  Natasha (D:2)
  An iguana (D:6)
  A scorpion zombie (D:5)
  An orc wizard (D:6)
  Robin (D:2)
  4 adders
  4 gnolls (D:3)
  An ufetubus (D:4)
  An adder skeleton (D:4)
  2 worms (D:3)
  3 dart slugs
  12 orcs
  5 bats
  9 endoplasms
  9 giant cockroaches
  11 goblins
  9 hobgoblins
  4 jackals (D:2)
  7 kobolds
  2 quokkas
  8 ball pythons
  5 frilled lizards
  5 rats
116 creatures vanquished.

Vanquished Creatures (others)
  A phantom (D:6)
  An orc (D:6)
  2 withered plants (D:3)
4 creatures vanquished.

Grand Total: 120 creatures vanquished

Notes
Turn   | Place    | Note
-------+----------+-------------------------------------------
     0 | D:1      | safid the Hill Orc Fighter began the quest for the Orb.
     0 | D:1      | Reached XP level 1. HP: 19/19 MP: 1/1
   123 | D:1      | Reached XP level 2. HP: 23/27 MP: 2/2
   262 | D:1      | Reached skill level 3 in Axes
   382 | D:1      | Reached XP level 3. HP: 31/33 MP: 3/3
   872 | D:2      | Found Wyimic's Armour Shop.
   927 | D:2      | Found a shimmering altar of Xom.
  1096 | D:2      | Noticed Natasha
  1415 | D:2      | Noticed Robin
  1427 | D:2      | Killed Robin
  1432 | D:2      | Reached XP level 4. HP: 9/40 MP: 4/4
  1910 | D:2      | Noticed Jessica
  1915 | D:2      | Killed Jessica
  1916 | D:2      | Reached skill level 4 in Axes
  1991 | D:2      | Killed Natasha
  1992 | D:2      | Reached XP level 5. HP: 41/46 MP: 5/5
  2715 | D:3      | You fall into a shaft and drop 3 floors!
  2757 | D:6      | Reached skill level 5 in Axes
  2757 | D:6      | Reached XP level 6. HP: 48/53 MP: 6/6
  2923 | D:6      | Noticed a water moccasin
  2959 | D:6      | Killed a water moccasin
  2960 | D:6      | Reached skill level 6 in Axes
  2960 | D:6      | Reached skill level 5 in Shields
  3225 | D:6      | Became a worshipper of Beogh the Brigand
  3226 | D:6      | Noticed a necrophage
  3235 | D:6      | Killed a necrophage
  3236 | D:6      | Reached skill level 5 in Fighting
  3236 | D:6      | Reached skill level 5 in Armour
  3236 | D:6      | Reached XP level 7. HP: 53/61 MP: 7/7
  3433 | D:5      | Entered Level 5 of the Dungeon
  3433 | D:5      | Found Led Kist's Antique Weapon Shop.
  3634 | D:3      | Found a runed translucent door.
  3634 | D:3      | Noticed LCPRIV's ghost (amateur DrFE)
  4416 | D:4      | Found a runed translucent door.
  4417 | D:4      | Noticed Crazy Yiuf
  4439 | D:4      | Found a sacrificial altar of Ru.
  4490 | D:4      | Reached * piety under Beogh
  5082 | D:4      | Found a staircase to the Ecumenical Temple.
  5119 | D:4      | Reached skill level 7 in Axes
  5557 | Temple   | Entered the Ecumenical Temple
  5978 | D:5      | Noticed Sigmund
  6098 | D:5      | Reached skill level 8 in Axes
  6098 | D:5      | Reached XP level 8. HP: 58/68 MP: 8/8
  6352 | D:5      | Noticed Edmund
  6372 | D:5      | Slain by Edmund

Illustrated notes

Levels and vault maps discovered:
D:1:      erik_arrival_blinker_ship, layout_loops_ring, minmay_octomino_c4
D:2:      layout_basic, serial_shops, shop, basic_altar, uniq_robin,
          uniq_natasha, uniq_jessica
D:3:      wad_river_or_something, layout_loops_ring, gammafunk_ghost_grave
D:4:      layout_layer_cave, nicolae_ru_awakened_eye,
          minmay_temple_entry_stoned_glass, minmay_misc_feat_room,
          minmay_misc_feat_encased, uniq_crazy_yiuf_cottage
D:5:      layout_basic, serial_shops, nicolae_stop_n_shop_2, uniq_sigmund,
          uniq_edmund
D:6:      layout_basic, uniq_eustachio
Temple:   minmay_crystal_snake_temple

Skill      XL: |  1  2  3  4  5  6  7 |
---------------+----------------------+-----
Axes           | 3 4 5 6 8 |  8.3
Fighting       | 4 5 |  5.1
Shields        | 4 5 |  5.8
Armour         | 4 5 |  5.2

Action                   |  1- 3 |  4- 6 |  7- 9 || total
-------------------------+-------+-------+-------++-------
Melee: War axe           |   126 |   159 |   146 ||   431
Invok: Convert to Beogh  |       |     1 |       ||     1
Evoke: Wand              |       |       |     2 ||     2
  Use: Potion            |     3 |       |       ||     3
       Scroll            |       |       |     7 ||     7
Armor: Scale mail        |    91 |    61 |    60 ||   212
Dodge: Dodged            |    56 |    43 |    42 ||   141
Block: Kite shield       |   100 |    90 |    75 ||   265
